 Dungeon Crawl Stone Soup version 0.16-a0-3943-gb4b81e6 (webtiles) character file.

2021 PolkaDot the Summoner (level 9, -2/57 HPs)
             Began as a Vampire Summoner on Feb 8, 2015.
             Slain by a wight
             ... wielding a +2 spear of freezing
              (6 damage)
             ... on level 6 of the Dungeon.
             The game lasted 00:25:55 (4794 turns).

PolkaDot the Summoner (Vampire Summoner)            Turns: 4794, Time: 00:25:55

Health: -2/57      AC: 12    Str: 12      XL:     9   Next: 3%
Magic:  24/27      EV: 17    Int: 20      God:
Gold:   127        SH:  0    Dex: 16 (18) Spells: 4 memorised, 4 levels left

rFire  . . .     SeeInvis +     j - +0 quarterstaff (crush)
rCold  . . .     Clarity  +     d - +2 leather armour {MR+}
rNeg   . . .     SustAb   .     (no shield)
rPois  .         Gourm    .     (no helmet)
rElec  .         Spirit   .     (no cloak)
rCorr  .         Warding  .     (no gloves)
rMut   .         Stasis   .     (no boots)
MR     +....                    a - amulet of clarity
Stlth  +++.......               n - ring of magical power
                                l - +3 ring of protection

@: mighty, agile, regenerating very quickly, somewhat resistant to hostile
enchantments, fairly stealthy
A: bottle blood, fangs 3, rough black scales 1, see invisible, unbreathing
a: no special abilities


You were on level 6 of the Dungeon.
You were almost alive.

You visited 1 branch of the dungeon, and saw 7 of its levels.

You collected 284 gold pieces.
You spent 157 gold pieces at shops.

Inventory:

Hand weapons
 j - a +0 quarterstaff of crushing (weapon)
Armour
 c - a +0 helmet
 d - a +2 leather armour of magic resistance (worn)
 i - a +0 helmet
Jewellery
 a - an amulet of clarity (around neck)
 l - a +3 ring of protection (left hand)
 n - a ring of magical power (right hand)
Magical devices
 u - a wand of magic darts (31)
Scrolls
 f - 3 scrolls of remove curse
Potions
 e - a potion of restore abilities
 g - 12 potions of blood {@*1}
 m - a potion of brilliance
 p - 2 potions of might
Books
 b - a book of Callings

   Spells                             Type                      Level
   a - Summon Small Mammal            Summoning                    1
   b - Call Imp                       Summoning                    2
   c - Call Canine Familiar           Summoning                    3
   d - Summon Guardian Golem          Hexes/Summoning              4
   e - Summon Lightning Spire         Summoning/Air                4
   f - Summon Ice Beast               Ice/Summoning                4


   Skills:
 + Level 3.4 Staves
 - Level 2.1 Dodging
 - Level 3.1 Stealth
 - Level 3.3 Spellcasting
 * Level 9.8 Summonings
 + Level 5.3 Ice Magic


You had 4 spell levels left.
You knew the following spells:

 Your Spells              Type           Power        Failure   Level  Hunger
d - Call Canine Familiar  Summ           #####...     1%          3    ###....
i - Summon Ice Beast      Ice/Summ       ####....     10%         4    ####...
s - Call Imp              Summ           #####...     1%          2    ##.....
z - Summon Small Mammal   Summ           ####         1%          1    None


Dungeon Overview and Level Annotations

Branches:
Dungeon (7/15)
 Temple: D:4-7

Altars:
Ashenzari
Elyvilon
Fedhas
Kikubaaqudgha
Makhleb
Nemelex Xobeh
Qazlal
Zin

Shops:
D:6 *%   D:7 *

Annotations:
D:6 Prince Ribbit


Innate Abilities, Weirdness & Mutations

Your natural rate of healing is extremely fast.
You can bottle blood from corpses.
You have razor-sharp teeth.
You have supernaturally acute eyesight.
You can survive without breathing.
You are partially covered in rough black scales (AC +4, Dex -1).


Message History

Confirm with . or Enter, or press ? or * to list all spells.
Prince Ribbit completely misses your wolf.
The wight hits you with an enchanted great sword.
* * * LOW HITPOINT WARNING * * *
You thump the wight!
You destroy the wight!
Prince Ribbit completely misses your wolf.
Your wolf misses Prince Ribbit.
Prince Ribbit completely misses your wolf.
Drink which item? (? for menu, Esc to quit)
Okay, then.
You thump the wight!
You destroy the wight!
Your wolf misses Prince Ribbit. Prince Ribbit hits your wolf!
Your wolf completely misses Prince Ribbit.
Prince Ribbit hits your wolf but does no damage.
Drink which item? (? for menu, Esc to quit)
Okay, then.
The wight hits you with a spear of freezing.
You die...

,*,,,***,*,,* *♣(♣.# *,,,#..#....
,,,,,,,#.#,,*#♣♣(P####♣,##.##....
,****,,....,*#.!♣P##..###..##..#.
,****,##....#♣..####P.#...z....#.
,,,,,,.........z......z..)####.#.
,,,,,,.......((F)##....F#.#*,....
,,,,,,...#####.#§########.#**####
,,,⌠,,,,,* #.#h# *...,*,,,,
,,,,,,,,,* #.#@# *....*,,,,
*,,,,,**,##*##.#z# #....#,,,,
*,,,,,,,...##..#5#######....#,,,,
*,****,,,#.......)(.........#,,,,
*,* ****#.......(.........,*,,,,
*,* #................,,*,,,, *,*
#...#.#(########,***>,,, #,#*
#..5...........z,,,*,,,, ...*
####..#.#.........,,,,*,,,,


You could see a wight, a friendly wolf and a friendly crimson imp.

Vanquished Creatures
  An unseen horror (D:6)
  A centaur (D:7)
  A sky beast (D:7)
  An ogre (D:7)
  2 giant frogs
  A scorpion (D:7)
  3 wights (D:6)
  A wasp zombie (D:7)
  A centaur skeleton (D:7)
  A giant frog zombie (D:7)
  An iguana (D:7)
  A quasit (D:6)
  2 adders
  A shadow imp (D:7)
  3 giant geckos
  7 orcs
  2 ball pythons
  3 giant cockroaches
  7 hobgoblins
  2 jackals (D:7)
  11 kobolds
  2 quokkas
  4 bats
  4 giant newts
  15 goblins
  10 rats
  A ballistomycete (D:7)
89 creatures vanquished.

Vanquished Creatures (collateral kills)
  Eustachio (D:6)
  4 hungry ghosts (D:7)
  An ice beast (D:7)
  A necrophage (D:7)
  An ogre (D:7)
  3 giant frogs (D:6)
  A jelly (D:6)
  3 wights (D:7)
  A goliath beetle (D:7)
  Robin (D:2)
  5 adders
  A worm (D:3)
  An adder skeleton (D:7)
  An ooze (D:3)
  3 orcs
  A ball python (D:3)
  A bat skeleton (D:6)
  6 goblins
  6 hobgoblins
  5 jackals
  5 bats
  A giant cockroach (D:1)
  13 kobolds
  5 rats
  A ballistomycete (D:7)
72 creatures vanquished.

Vanquished Creatures (others)
  3 wolves
  6 crimson imps
  8 hounds
  An iron imp (D:2)
  A shadow imp (D:7)
  4 white imps
  6 quokkas
  3 bats (D:1)
  A giant spore (D:7)
  4 rats
37 creatures vanquished.

Grand Total: 198 creatures vanquished

Notes
Turn   | Place    | Note
--------------------------------------------------------------
     0 | D:1      | PolkaDot, the Vampire Summoner, began the quest for the Orb.
     0 | D:1      | Reached XP level 1. HP: 13/13 MP: 3/3
   334 | D:1      | Reached XP level 2. HP: 17/19 MP: 0/4
   858 | D:1      | Learned a level 2 spell: Call Imp
  1071 | D:2      | Found a white marble altar of Elyvilon.
  1099 | D:2      | Reached XP level 3. HP: 17/24 MP: 3/6
  1130 | D:2      | Learned a level 3 spell: Call Canine Familiar
  1510 | D:2      | Found an ancient bone altar of Kikubaaqudgha.
  1782 | D:2      | Noticed Robin
  1805 | D:2      | Killed Robin
  1808 | D:2      | Reached skill level 5 in Summonings
  1831 | D:2      | Reached XP level 4. HP: 15/30 MP: 2/8
  2785 | D:3      | Found a shattered altar of Ashenzari.
  3165 | D:4      | Found a sparkling altar of Nemelex Xobeh.
  3184 | D:5      | Entered Level 5 of the Dungeon
  3199 | D:6      | Found Seddir's Off-Brand Ammunition.
  3211 | D:6      | Noticed a giant frog
  3218 | D:6      | Killed a giant frog
  3218 | D:6      | Reached skill level 6 in Summonings
  3218 | D:6      | Reached XP level 5. HP: 35/35 MP: 3/11
  3227 | D:6      | Learned a level 4 spell: Summon Ice Beast
  3380 | D:6      | Noticed a giant frog
  3391 | D:6      | Killed a giant frog
  3418 | D:6      | Noticed a giant frog
  3440 | D:6      | Killed a giant frog
  3440 | D:6      | Reached skill level 1 in Ice Magic
  3440 | D:6      | Reached XP level 6. HP: 28/41 MP: 8/13
  3443 | D:6      | Noticed Prince Ribbit
  3454 | D:6      | Noticed an unseen horror
  3456 | D:6      | Noticed a giant frog
  3479 | D:7      | Found a white marble altar of Elyvilon.
  3496 | D:7      | Noticed a hungry ghost
  3506 | D:7      | Killed a hungry ghost
  3710 | D:7      | Reached skill level 7 in Summonings
  3715 | D:7      | Reached XP level 7. HP: 32/45 MP: 12/15
  3989 | D:7      | Found a glowing silver altar of Zin.
  3989 | D:7      | Noticed a hungry ghost
  3990 | D:7      | Found a burning altar of Makhleb.
  3991 | D:7      | Noticed a blizzard demon
  3992 | D:7      | Noticed an angel
  4000 | D:7      | Killed a hungry ghost
  4000 | D:7      | Reached skill level 1 in Staves
  4000 | D:7      | Reached skill level 8 in Summonings
  4145 | D:7      | Found Sazut's Assorted Antiques.
  4153 | D:7      | Bought a red potion for 29 gold pieces
  4153 | D:7      | Bought a fizzy silvery potion for 29 gold pieces
  4153 | D:7      | Bought a scroll labeled PSITAX ANOMA for 33 gold pieces
  4153 | D:7      | Bought a scroll labeled CONUFA SATOUGG for 33 gold pieces
  4153 | D:7      | Bought a scroll labeled ZULUVA NUYGAUGH for 33 gold pieces
  4196 | D:7      | Found a blossoming altar of Fedhas.
  4268 | D:7      | Reached XP level 8. HP: 20/50 MP: 16/16
  4530 | D:7      | Reached skill level 9 in Summonings
  4586 | D:6      | Found a stormy altar of Qazlal.
  4598 | D:6      | Noticed Eustachio
  4608 | D:6      | Killed Eustachio
  4692 | D:6      | Found Duahytympe's Food Shoppe.
  4718 | D:6      | Killed an unseen horror
  4718 | D:6      | Reached skill level 5 in Ice Magic
  4773 | D:6      | Gained mutation: You are partially covered in rough black scales (AC +4, Dex -1). [potion of beneficial mutation]
  4781 | D:6      | HP: 2/52 [wight/enchanted scimitar (2)]
  4782 | D:6      | Killed a giant frog
  4784 | D:6      | Reached XP level 9. HP: 3/57 MP: 18/18
  4794 | D:6      | Slain by a wight

Action                   |  1- 3 |  4- 6 |  7- 9 || total
-------------------------+-------+-------+-------++-------
Melee: Unarmed           |    48 |       |       ||    48
       Dagger            |    80 |   153 |       ||   233
       Rapier            |       |    14 |       ||    14
       Quarterstaff      |       |       |   114 ||   114
       Falchion          |       |       |    17 ||    17
 Cast: Summon Small Mamm |    46 |     4 |     8 ||    58
       Call Imp          |     8 |    30 |    15 ||    53
       Call Canine Famil |       |     4 |    13 ||    17
  Use: Potion            |     9 |    12 |    25 ||    46
       Scroll            |       |     6 |     6 ||    12
 Stab: Sleeping          |     3 |     7 |     1 ||    11
       Distracted        |     3 |       |     1 ||     4
  Eat: Corpse            |     9 |       |       ||     9
